 Dungeon Crawl Stone Soup version 0.26-a0-597-gb535b0901c (webtiles) character file.

Game seed: 15069908354405395171

(classic levelgen) 596 EnegeticOcto the Chopper (level 7, -25/64 HPs)
             Began as a Deep Dwarf Fighter on Sept 1, 2020.
             Killed from afar by a smoke demon (29 damage)
             ... with a ball of steam
             ... on level 2 of the Abyss.
             The game lasted 00:01:05 (1520 turns).

EnegeticOcto the Chopper (Deep Dwarf Fighter)       Turns: 1520, Time: 00:01:05

Health: -25/64     AC: 10    Str: 22    XL:     7   Next: 17%
Magic:  6/6        EV:  7    Int:  8    God:
Gold:   134        SH: 10    Dex: 12    Spells: 6/6 levels left

rFire    . . .     SeeInvis .   a - +0 war axe
rCold    . . .     Faith    .   c - +0 kite shield
rNeg     . . .     Spirit   .   b - +0 scale mail
rPois    .         Reflect  .   (no helmet)
rElec    .         Harm     .   (no cloak)
rCorr    .                      g - +2 pair of gloves
MR       +....                  (no boots)
Stlth    ..........             (no amulet)
HPRegen  0.00/turn              (no ring)
MPRegen  0.10/turn              (no ring)

@: lethally poisoned (-25 -> -25), non-regenerating, badly diseased
A: damage resistance, heal wounds, sense surroundings 1, no regeneration
a: Heal Wounds


You were on level 2 of the Abyss.
You visited 1 branch of the dungeon, and saw 4 of its levels.
You visited the Abyss 1 time.

You collected 134 gold pieces.

Inventory:

Hand Weapons
 a - a +0 war axe (weapon)
Armour
 b - a +0 scale mail (worn)
 c - a +0 kite shield (worn)
 g - a +2 pair of gloves (worn)
Scrolls
 e - 3 scrolls of identify {unknown}
 f - a scroll of enchant armour {unknown}
 i - 3 scrolls of remove curse {unknown}
Potions
 d - 2 potions of might {@q3}
 h - a potion of brilliance {unknown}
 j - a potion of flight {unknown}
 k - a potion of haste {unknown}


   Skills:
 + Level 4.1 Fighting
 * Level 5.7 Axes
 + Level 4.9 Armour
 + Level 5.0 Shields


You had 6 spell levels left.
You didn't know any spells.
Your spell library was empty.

Dungeon Overview and Level Annotations

Branches:
Dungeon (4/15)
 Temple: D:4-7

Altars:
Gozag

Shops:
D:3 *

Annotations:
D:4 Ferkelamun's ghost, amateur GrFi; Ge0ff's ghost, amateur HuDe; Sapher's ghost, amateur OpDe; SatoMori's ghost, amateur DsMo; SatoMori's ghost, amateur GnAK


Innate Abilities, Weirdness & Mutations

You are resistant to damage.
You can heal yourself by infusing magical energy.
You passively map a small area around you.
You do not regenerate.


Message History

A death drake is nearby!
A death drake is nearby!
A death drake is nearby!
A death drake is nearby!
A death drake is nearby!
A death drake is nearby!
The death drake hisses angrily.
The death drake breathes miasma at you. The foul vapour engulfs you!
You are poisoned.
You slash the death drake!
The death drake is lightly wounded.
You feel very sick. You block the death drake's attack.
You slash the death drake!
The death drake is moderately wounded.
You are suddenly pulled into a different region of the Abyss!
You feel sick.
Your magical essence is drained by the effort!
You feel much better.
A hellwing comes into view.
A hellwing is nearby!
A hellwing is nearby!
A hellwing is nearby!
A hellwing is nearby!
The hellwing gives a chilling moan.
You hear a roar! x2
A smoke demon comes into view.
A smoke demon comes into view.
A large abomination comes into view.
Found a red potion.
You closely miss the hellwing. The hellwing barely misses you.
You block the hellwing's attack.
The hellwing hits you but does no damage.
The hellwing hits you!
You hit the hellwing.
The hellwing is lightly wounded.
A smoke demon comes into view.
The hellwing barely misses you.
The hellwing hits you but does no damage.
You closely miss the hellwing.
The hellwing is lightly wounded.
You hit the smoke demon but do no damage.
The smoke demon gestures at you. Something smites you!
The smoke demon hits you but does no damage. x2
The smoke demon barely misses you. The hellwing hits you!
You block the hellwing's attack.
You hit the hellwing.
The hellwing is lightly wounded.
You slash the smoke demon!
The smoke demon hits you but does no damage.
You block the smoke demon's attack. The smoke demon hits you.
The hellwing hits you.
The hellwing hits you but does no damage.
The smoke demon hits you. You block the smoke demon's attack.
The smoke demon hits you but does no damage.
The hellwing hits you but does no damage.
The hellwing hits you.
You hit the smoke demon.
The smoke demon is moderately wounded.
You closely miss the smoke demon.
Your scale mail prevents you from hitting the hellwing.
The smoke demon gestures at you. The ball of steam hits you!!
* * * LOW HITPOINT WARNING * * *
You block the smoke demon's attack. The smoke demon closely misses you.
You block the smoke demon's attack.
The hellwing hits you but does no damage.
You block the hellwing's attack.
You are too injured to fight recklessly!
You are too injured to fight recklessly!
You are too injured to fight recklessly!
You are too injured to fight recklessly!
You are too injured to fight recklessly!
You are too injured to fight recklessly!
You are too injured to fight recklessly!
You are too injured to fight recklessly!
You are too injured to fight recklessly!
You are too injured to fight recklessly!
You are too injured to fight recklessly!
You are too injured to fight recklessly!
You are too injured to fight recklessly!
You are too injured to fight recklessly!
You are too injured to fight recklessly!
You are too injured to fight recklessly!
You are too injured to fight recklessly!
You are too injured to fight recklessly!
You are too injured to fight recklessly!
You are too injured to fight recklessly!
You are too injured to fight recklessly!
You are too injured to fight recklessly!
You are too injured to fight recklessly!
You are too injured to fight recklessly!
You are too injured to fight recklessly!
You feel much better.
You are engulfed in a cloud of scalding steam.
The large abomination hits you!!
* * * LOW HITPOINT WARNING * * *
The smoke demon gestures at you. The ball of steam hits you!!
You die...

≈ . ####.## ###
..#..#...###.## #
...#...##..# ## #
.........## ...#..#
.#..#...#.#.. . .
##...#..#....#
...!##3.....##.....
.. #..3@X..#.....
..# #...43§#...##.#
.. ##..#..#
#....##. #
#....#...#.#.# .#
...##..#..##. . #
...# .#. .## .#
#..# . . . .## . ..
#.


You could see a large abomination, a hellwing and 3 smoke demons.

Vanquished Creatures
  An ancient zyme (Abyss:2)
  An ogre (D:4)
  2 howler monkeys (D:4)
  3 orc wizards
  3 gnolls (D:3)
  3 adders
  An ooze (D:2)
  A worm (D:4)
  2 dart slugs
  4 leopard geckos
  12 orcs
  4 bats
  2 giant cockroaches (D:2)
  3 goblins
  2 hobgoblins
  3 jackals (D:2)
  4 kobolds (D:3)
  2 quokkas (D:3)
  2 ball pythons (D:1)
  2 frilled lizards (D:2)
  3 rats
60 creatures vanquished.

Notes
Turn   | Place    | Note
-------+----------+-------------------------------------------
     0 | D:1      | EnegeticOcto the Deep Dwarf Fighter began the quest for the
                  | Orb.
     0 | D:1      | Reached XP level 1. HP: 20/20 MP: 1/1
   375 | D:2      | Reached XP level 2. HP: 24/27 MP: 2/2
   470 | D:2      | Reached XP level 3. HP: 21/34 MP: 3/3
   666 | D:3      | Reached XP level 4. HP: 39/42 MP: 4/4
   746 | D:3      | Found an opulent altar of Gozag.
   772 | D:3      | Found Gozag's Platinum Reserve.
   917 | D:3      | Reached XP level 5. HP: 38/49 MP: 5/5
   961 | D:4      | Found a runed translucent gate.
   962 | D:4      | Found a runed translucent gate.
   963 | D:4      | Found a runed translucent gate.
   964 | D:4      | Noticed Ferkelamun's ghost (amateur GrFi)
   964 | D:4      | Noticed SatoMori's ghost (amateur GnAK)
   964 | D:4      | Noticed Ge0ff's ghost (amateur HuDe)
   964 | D:4      | Noticed SatoMori's ghost (amateur DsMo)
   964 | D:4      | Noticed Sapher's ghost (amateur OpDe)
   987 | D:4      | Noticed an ogre
   999 | D:4      | Killed an ogre
   999 | D:4      | Reached XP level 6. HP: 46/57 MP: 6/6
  1148 | D:4      | Reached skill level 5 in Axes
  1425 | D:4      | Cast into level 2 of the Abyss (SatoMori's ghost)
  1488 | Abyss:2  | Noticed an ancient zyme
  1500 | Abyss:2  | Killed an ancient zyme
  1500 | Abyss:2  | Reached skill level 5 in Shields
  1500 | Abyss:2  | Reached XP level 7. HP: 45/64 MP: 7/7
  1500 | Abyss:2  | Noticed a death drake
  1511 | Abyss:2  | Noticed a hellwing
  1512 | Abyss:2  | Noticed a smoke demon
  1513 | Abyss:2  | Noticed a smoke demon
  1513 | Abyss:2  | Noticed a large abomination
  1516 | Abyss:2  | Noticed a smoke demon
  1520 | Abyss:2  | Killed from afar by a smoke demon

Illustrated notes

Levels and vault maps discovered:
D:1:      zaba_arrival_water, layout_loops_ring, minmay_tetromino_s2
D:2:      layout_basic, minmay_misc_feat_columns
D:3:      layout_rooms, nicolae_gozag_zags_fifth_avenue
D:4:      layout_rooms, gammafunk_ghost_cemetery
Abyss:2:  base: D:1, minivault_25

Skill      XL: |  1  2  3  4  5  6 |
---------------+-------------------+-----
Fighting       | 3 4 |  4.1
Axes           | 3 4 5 |  5.7
Shields        | 4 5 |  5.0
Armour         | 4 |  4.9

Action                   |  1- 3 |  4- 6 |  7- 9 || total
-------------------------+-------+-------+-------++-------
Melee: War axe           |   105 |   113 |     7 ||   225
 Abil: Heal Wounds       |     1 |     4 |     2 ||     7
Armor: Scale mail        |    79 |    63 |     9 ||   151
Dodge: Dodged            |    34 |    45 |     4 ||    83
Block: Kite shield       |    69 |    72 |     8 ||   149

Table legend: (Time is in decaauts)
 A = Elapsed time spent in this place.
 B = Non-inter-level travel time spent in this place.
 C = Inter-level travel time spent in this place.
 D = Time resting spent in this place.
 E = Time spent auto-exploring this place.
 F = Levels seen in this place.
 G = Mean time per level.
                   A        B        C        D        E       F      G
               +--------+--------+--------+--------+--------+-----+--------+
         Total |   1616 |   1510 |    106 |      0 |   1040 |   5 |  323.2 |
       Dungeon |   1515 |   1409 |    106 |      0 |    973 |   4 |  378.8 |
         Abyss |    100 |    100 |      0 |      0 |     67 |   1 |  100.0 |
               +--------+--------+--------+--------+--------+-----+--------+

Top non-repeatable levels by time:
     D:4: 513 daAuts
     D:1: 395 daAuts
     D:3: 344 daAuts
     D:2: 261 daAuts
 Abyss:2: 100 daAuts
